 Dungeon Crawl Stone Soup version 0.27.1 (webtiles) character file.

Game seed: 3769454264407705928

397 Descartes the Conjurer (level 6, -6/34 HPs)
             Began as a Deep Elf Wanderer on Sept 3, 2021.
             Mangled by a wyvern (11 damage)
             ... on level 4 of the Dungeon.
             The game lasted 00:09:15 (4258 turns).

Descartes the Conjurer (Deep Elf Wanderer)          Turns: 4258, Time: 00:09:16

Health: -6/34      AC:  3    Str:  9    XL:     6   Next: 53%
Magic:  2/12       EV: 11    Int: 20    God:
Gold:   144        SH:  0    Dex: 13    Spells: 8/11 levels left

rFire    . . .     SeeInvis .   p - +4 club (spect)
rCold    . . .     Faith    .   (no shield)
rNeg     . . .     Spirit   .   j - +0 leather armour
rPois    .         Reflect  .   (no helmet)
rElec    .         Harm     .   (no cloak)
rCorr    .         Rampage  .   (no gloves)
Will     .....                  (no boots)
Stlth    ++........             (no amulet)
HPRegen  0.11/turn              (no ring)
MPRegen  0.13/turn              (no ring)

@: no status effects
A: no striking features
a: no special abilities


You were on level 4 of the Dungeon.
You visited 1 branch of the dungeon, and saw 4 of its levels.

You collected 144 gold pieces.

Inventory:

Hand Weapons
 m - a +4 long sword
 p - a +4 spectral club (weapon)
 r - a +0 hunting sling
Missiles
 h - 140 stones
 o - 5 boomerangs
 t - 23 sling bullets
 u - 17 arrows
Armour
 j - a +0 leather armour (worn)
Wands
 s - a wand of digging (6)
Scrolls
 a - a scroll of vulnerability {unknown}
 d - 3 scrolls of teleportation
 g - 2 scrolls of enchant armour {unknown}
 k - 2 scrolls of fog {unknown}
 l - 3 scrolls of identify {unknown}
 n - 2 scrolls of noise {unknown}
 q - a scroll of enchant weapon {unknown}
Potions
 b - a potion of lignification
 c - 3 potions of curing {unknown}
 e - 2 potions of might {unknown}
 i - a potion of flight {unknown}


   Skills:
 - Level 1.5 Fighting
 - Level 1.2 Dodging
 - Level 2.4 Stealth
 - Level 3.0 Spellcasting
 + Level 7.3 Conjurations
 - Level 1.2 Necromancy
 - Level 2.1 Earth Magic


You had 8 spell levels left.
You knew the following spells:

 Your Spells              Type           Power      Damage    Failure   Level
a - Magic Dart            Conj           100%       1d8       1%          1
b - Blink                 Tloc           N/A        N/A       30%         2

Your spell library contained the following spells:

 Spells                   Type           Power      Damage    Failure   Level
 Conjure Flame            Conj/Fire      17%        6-21      13%         3
 Corona                   Hex            3%         N/A       21%         1
 Mephitic Cloud           Conj/Pois/Air  12%        N/A       22%         3
 Call Imp                 Summ           3%         N/A       30%         2
 Ensorcelled Hibernation  Hex/Ice        6%         N/A       30%         2
 Slow                     Hex            3%         N/A       30%         2
 Gell's Gravitas          Tloc           1%         N/A       52%         3
 Teleport Other           Tloc           3%         N/A       52%         3
 Tukima's Dance           Hex            3%         N/A       52%         3
 Dispersal                Tloc           1%         N/A       100%        6


Dungeon Overview and Level Annotations

Branches:
Dungeon (4/15)
 Temple: D:4-7

Altars:
Nemelex Xobeh
Ru

Annotations:
D:3 Robin


Message History

Aiming: Magic Dart (safe; 1% risk of failure)
Press: ? - help, Shift-Dir - straight line, f/p - jelly
Aim: a jelly (almost dead, 100% to hit)
The magic dart hits the jelly!
You kill the jelly!
Casting: Magic Dart (safe; 1% risk of failure)
Confirm with . or Enter, or press ? or * to list all spells.
Aiming: Magic Dart (safe; 1% risk of failure)
Press: ? - help, Shift-Dir - straight line, f - wyvern
Aim: a wyvern (100% to hit)
The magic dart hits the wyvern.
The wyvern is lightly wounded.
The wyvern bites you!
The wyvern hisses menacingly.
The wyvern barely misses you.
You feel much better. The wyvern bites you!
Casting: Magic Dart (safe; 1% risk of failure)
Confirm with . or Enter, or press ? or * to list all spells.
Aiming: Magic Dart (safe; 1% risk of failure)
Press: ? - help, Shift-Dir - straight line, f/p - wyvern
Aim: a wyvern (lightly wounded, 100% to hit)
The magic dart hits the wyvern but does no damage.
The wyvern is lightly wounded.
The wyvern barely misses you.
The wyvern bites you but does no damage.
You hit the wyvern but do no damage.
The wyvern is lightly wounded.
Your +4 spectral club closely misses the wyvern.
The wyvern bites you. The wyvern bites you!
* * * LOW HITPOINT WARNING * * *
The wyvern closely misses you.
You feel much better. The wyvern barely misses you.
The wyvern barely misses you. The wyvern bites you.
The wyvern hisses menacingly.
The wyvern bites you!
* * * LOW HITPOINT WARNING * * *
There is an open door here.
The wyvern bites you!
You die...

..).....# ...
........#...........#
#######'#...........+
#...........).......#
#...................# ..##
#...................#......
#...................+.....
#...................#....
#...............@...#..#
..##+#......#+###l###..###### #
.....#......#.................#
#....#......#.................#
#)...#......#.................#
#....'......#####'##...##.....#
##+###......#.....##...##.....#
.......######....[#...........#
.......'..........#...........#


You could see a wyvern.

Vanquished Creatures
  A sky beast (D:2)
  A howler monkey (D:4)
  A jelly (D:4)
  An orc priest (D:3)
  Jessica (D:3)
  Ijyb (D:3)
  An orc wizard (D:4)
  5 adders
  An adder skeleton (D:4)
  2 worms
  6 orcs
  6 endoplasms
  2 giant cockroaches
  15 goblins
  5 hobgoblins
  5 jackals
  4 kobolds
  3 quokkas
  A ball python (D:1)
  3 bats
  2 frilled lizards (D:1)
  4 rats
71 creatures vanquished.

Notes
Turn   | Place    | Note
-------+----------+-------------------------------------------
     0 | D:1      | Descartes the Deep Elf Wanderer began the quest for the
                  | Orb.
     0 | D:1      | Descartes set off with the following items: a +0 dagger, a
                  | potion of lignification, a +0 robe, a scroll of
                  | teleportation; and the following spell memorised: Magic
                  | Dart; and the following spells available to memorise:
                  | Blink, Call Imp, Slow, Conjure Flame, Mephitic Cloud
     0 | D:1      | Reached XP level 1. HP: 12/12 MP: 6/6
   529 | D:1      | Reached skill level 1 in Conjurations
   778 | D:1      | Reached XP level 2. HP: 16/16 MP: 5/8
   807 | D:1      | Reached skill level 2 in Conjurations
  1337 | D:1      | Found a faded altar of an unknown god.
  1607 | D:2      | Reached skill level 3 in Conjurations
  1607 | D:2      | Reached XP level 3. HP: 18/20 MP: 0/9
  2167 | D:2      | Learned a level 2 spell: Blink
  2594 | D:3      | Noticed a sky beast
  2619 | D:2      | Killed a sky beast
  2620 | D:2      | Reached skill level 5 in Conjurations
  2620 | D:2      | Reached XP level 4. HP: 25/25 MP: 10/10
  2620 | D:2      | Reached XP level 5. HP: 29/29 MP: 11/11
  2934 | D:3      | Found a sacrificial altar of Ru.
  3055 | D:3      | Noticed Robin
  3156 | D:3      | Noticed Jessica
  3159 | D:3      | Killed Jessica
  3197 | D:3      | Reached skill level 6 in Conjurations
  3617 | D:3      | Noticed Ijyb
  3624 | D:3      | Killed Ijyb
  3625 | D:3      | Reached XP level 6. HP: 34/34 MP: 5/12
  3793 | D:3      | Found a sparkling altar of Nemelex Xobeh.
  4037 | D:4      | Noticed an orc warrior
  4210 | D:4      | Noticed a wyvern
  4212 | D:4      | Reached skill level 7 in Conjurations
  4258 | D:4      | Mangled by a wyvern

Illustrated notes

Levels and vault maps discovered:
D:1:      lordsloth_arrival_two_stooges, layout_loops_corners,
          dreamdust_ecumenical_altar_hidden_monk_grotto
D:2:      layout_loops_ring, nrook_mini_vaults, corexii_shack, st_stairs_8
D:3:      layout_basic, mainiacjoe_overflow_boulevard,
          mainiacjoe_overflow_cross_hatched, uniq_jessica, uniq_ijyb, uniq_robin
D:4:      layout_gridville

Skill      XL: |  1  2  3  4  5  6 |
---------------+-------------------+-----
Conjurations   | 1 3 5 6 7 |  7.3
Fighting       | |  1.5
Dodging        | |  1.2
Stealth        | |  2.4
Spellcasting   | |  3.0
Necromancy     | |  1.2
Earth Magic    | |  2.1

Action                   |  1- 3 |  4- 6 || total
-------------------------+-------+-------++-------
Melee: Dagger            |    29 |       ||    29
       Long sword        |    18 |       ||    18
       Club              |       |     3 ||     3
 Cast: Magic Dart        |    81 |   104 ||   185
  Use: Potion            |     2 |     2 ||     4
 Stab: Sleeping          |     1 |       ||     1
Armor: Robe              |     5 |       ||     5
       Leather armour    |     4 |     3 ||     7
       Skin              |    21 |       ||    21
Dodge: Dodged            |    23 |    14 ||    37
       Rpst.: Long sword |       |     1 ||     1
